 Dungeon Crawl Stone Soup version 0.18-a0-1043-g4533410 (webtiles) character file.

395 sotonohito the Ducker (level 6, -8/52 HPs)
             Began as a Minotaur Gladiator on Jan 10, 2016.
             Killed by divine providence
             ... invoked by an orc priest
              (10 damage)
             ... on level 5 of the Dungeon.
             The game lasted 00:38:26 (3469 turns).

sotonohito the Ducker (Minotaur Gladiator)          Turns: 3469, Time: 00:38:26

Health: -8/52      AC:  6    Str: 20 (21) XL:     6   Next: 52%
Magic:  0/5        EV: 13    Int:  3      God:
Gold:   265        SH:  0    Dex: 11      Spells: 0 memorised, 5 levels left

rFire  . . .     SeeInvis .     a - +0 war axe
rCold  . . .     Gourm    .     Q - +0 ring mail
rNeg   . . .     Faith    .     (no shield)
rPois  .         Spirit   +     c - +0 hat
rElec  .         Dismiss  .     i - +0 cloak
rCorr  .         Reflect  .     (no gloves)
SustAt .         Harm     .     (no boots)
MR     .....                    k - amulet of guardian spirit
Stlth  +.........               (no ring)
                                (no ring)

@: starving, not resistant to hostile enchantments, very unstealthy
A: retaliatory headbutt, horns 2, blurry vision 1, dopey 1, subdued magic 1
a: no special abilities


You were on level 5 of the Dungeon.
You were starving.

You visited 1 branch of the dungeon, and saw 5 of its levels.

You collected 265 gold pieces.

Inventory:

Hand Weapons
 a - a +0 war axe (weapon)
 e - a cursed -2 trident
 f - a cursed +0 short sword
 h - a +0 short sword
 l - a +0 club
 m - a +0 mace
 o - a +0 dagger
 p - a +0 short sword
 r - a +0 mace
 w - a +0 dagger
 x - a +0 mace
 y - a +0 dagger
 E - a +0 short sword
 K - a +0 whip
 L - a +0 dagger
 N - a +0 dagger
 P - a +0 short sword
Missiles
 d - 3 throwing nets (quivered)
 A - 54 arrows
 G - 17 bolts of frost
Armour
 b - a +0 leather armour
 c - a +0 hat (worn)
 g - a +0 leather armour
 i - a +0 cloak (worn)
 j - a +0 robe
 q - a +0 cloak
 s - a +0 scale mail
 u - a +0 buckler
 z - a +0 chain mail
 C - a +0 helmet
 M - a +0 robe
 O - a +0 robe
 Q - a +0 ring mail (worn)
 R - a +0 leather armour
Jewellery
 k - an amulet of guardian spirit (around neck)
 t - an uncursed amulet of the gourmand
 I - an uncursed ring of sustain attributes
Scrolls
 B - a scroll of blinking
 D - a scroll of identify
 S - a scroll of teleportation
Potions
 n - 2 potions of poison {unknown}
 v - 2 potions of curing
 J - a potion of degeneration
Comestibles
 F - 3 bread rations
 T - a meat ration


   Skills:
 + Level 3.9 Fighting
 + Level 5.3 Axes
 + Level 2.1 Throwing
 + Level 3.4 Armour
 + Level 5.5 Dodging
 + Level 0.5 Stealth


You had 5 spell levels left.
You didn't know any spells.

Dungeon Overview and Level Annotations

Branches:
Dungeon (5/15)
 Temple: D:4-7

Altars:
Cheibriados
Ru
Yredelemnul


Innate Abilities, Weirdness & Mutations

You reflexively headbutt those who attack you in melee.
You have a pair of horns on your head.
Scrolls take you a little longer to read.
You are dopey. (Int -2)
Your spells are a little easier to cast, but a little less powerful.


Message History

Items here: )) [ †††
Items here: )) [ †††
w - a dagger;
x - a mace;
z - a chain mail The orc hits you but does no damage.
You hit the orc priest.
The orc priest is moderately wounded.
The orc priest invokes the aid of Beogh against you.
Something smites you!
* * * LOW HITPOINT WARNING * * *
The orc priest calls down the wrath of Beogh upon you.
Something smites you!
* * * LOW HITPOINT WARNING * * *
Drink which item? (? for menu, Esc to quit)
Okay, then.
The orc priest hits you.
Things that are here:
an orc corpse x3
The orc priest mumbles some strange prayers to Beogh against you.
Something smites you!
You die...

#### ..# #.######
####.##...# #
#.........#
#.##.##.##...#
#.......###..#########
####.#### ##..@.oo†..#
#.# #########.####
#.###### #.......#
######......#
#.##.##.#
...>#.......##### #o
#.# #
.##.#....##.....# #.
..# ..#.#..#.##.....#
#o ###
..#.#...........# #o
..#.#...<.......# #.


You could see an orc priest and an orc.

Vanquished Creatures
  A scorpion (D:4)
  A centaur zombie (D:5)
  2 hounds (D:4)
  A centaur skeleton (D:4)
  An iguana (D:4)
  2 worker ants (D:5)
  2 orc wizards (D:3)
  3 adders
  4 worms
  2 giant geckos
  6 orcs
  2 ball pythons
  3 giant cockroaches (D:3)
  2 goblins
  3 hobgoblins
  8 bats
  13 giant newts
  7 kobolds
  2 quokka skeletons
  8 rats
  6 plants (D:3)
79 creatures vanquished.

Notes
Turn   | Place    | Note
--------------------------------------------------------------
     0 | D:1      | sotonohito the Minotaur Gladiator began the quest for the Orb.
     0 | D:1      | Reached XP level 1. HP: 18/18 MP: 0/0
     0 | D:1      | Found a snail-covered altar of Cheibriados.
   460 | D:1      | Reached XP level 2. HP: 25/25 MP: 1/1
   811 | D:2      | Reached XP level 3. HP: 28/30 MP: 2/2
   992 | D:2      | Reached skill level 4 in Dodging
  1538 | D:3      | Reached skill level 1 in Armour
  1935 | D:3      | Reached XP level 4. HP: 33/38 MP: 3/3
  2237 | D:3      | Found a faded altar to an unknown god.
  2281 | D:3      | Found a sacrificial altar of Ru.
  2281 | D:3      | Found a basalt altar of Yredelemnul.
  2432 | D:4      | Gained mutation: Scrolls take you a little longer to read. [potion of mutation]
  2432 | D:4      | Gained mutation: Your spells are a little easier to cast, but a little less powerful. [potion of mutation]
  2432 | D:4      | Gained mutation: You are dopey. (Int -2) [potion of mutation]
  2592 | D:4      | Reached XP level 5. HP: 45/45 MP: 4/4
  2674 | D:4      | Reached skill level 5 in Axes
  2674 | D:4      | Reached skill level 5 in Dodging
  2796 | D:4      | Reached XP level 6. HP: 44/52 MP: 3/5
  3218 | D:5      | Entered Level 5 of the Dungeon
  3463 | D:5      | HP: 1/52 [orc priest/divine providence (8)]
  3469 | D:5      | Killed from afar by an orc priest

Vault maps used:
D:1:      dpeg_arrival_tiny_a, cheibriados_altar_1
D:2:      hangedman_feature_mirror
D:3:      gammafunk_temple_overflow_statue, first_bread, ecumenical_altar_2,
          minmay_lizard_king

Action                   |  1- 3 |  4- 6 || total
-------------------------+-------+-------++-------
Melee: War axe           |   151 |    78 ||   229
  Use: Potion            |     3 |    11 ||    14
       Scroll            |     4 |     2 ||     6
  Eat: Chunk             |     5 |     3 ||     8
       Bread ration      |     1 |       ||     1
